 Dungeon Crawl Stone Soup version 0.21-a0-104-g7b58145 (webtiles) character file.

185161 Lavandula the Eclecticist (level 17, -6/104 HPs)
             Began as a Mummy Arcane Marksman on July 3, 2017.
             Was a High Priest of Kikubaaqudgha.
             Mangled by a white ugly thing (11 damage)
             ... on level 3 of the Vaults on July 5, 2017.
             The game lasted 05:05:33 (30107 turns).

Lavandula the Eclecticist (Mummy Arcane Marksman)  Turns: 30107, Time: 05:05:34

Health: -6/104     AC: 14    Str: 14    XL:     17   Next: 11%
Magic:  18/37      EV: 15    Int: 21    God:    Kikubaaqudgha [*****.]
Gold:   916        SH:  5    Dex: 13    Spells: 5/49 levels left

rFire    + + .     SeeInvis .   a - +6 hand crossbow
rCold    + . .     Gourm    .   U - +0 buckler
rNeg     + + +     Faith    +   T - +0 troll leather armour
rPois    ∞         Spirit   .   L - +2 hat of the Guardian {rF++ Int+3 Stlth+}
rElec    .         Reflect  .   (no cloak)
rCorr    .         Harm     .   S - +0 pair of gloves {archery}
MR       ++...                  Q - +2 pair of boots
Stlth    ++........             i - amulet of faith
HPRegen  0.67/turn              N - +4 ring of protection
MPRegen  0.25/turn              r - ring of protection from fire

@: no status effects
A: no food or potions, fire vulnerability, cold resistance 1, negative energy
resistance 3, torment resistance, unbreathing, in touch with death 1
}: 2/15 runes: decaying, serpentine
a: Receive Corpses, Torment, Renounce Religion


You were on level 3 of the Vaults.
You worshipped Kikubaaqudgha.
Kikubaaqudgha was extremely pleased with you.
You were not hungry.

You visited 7 branches of the dungeon, and saw 34 of its levels.
You also visited: Labyrinth, Sewer, Bailey and Ice Cave.

You collected 2772 gold pieces.
You spent 1856 gold pieces at shops.

Inventory:

Hand Weapons
 a - a +6 hand crossbow (weapon)
 c - the +4 flail "Ecrugeb" {drain, +Fly rElec rPois Dex+2}
   (You bought it in a shop on level 2 of the Orcish Mines)

   A truly terrible weapon, it drains the life of those it strikes.
   It affects your dexterity (+2).
   It insulates you from electricity.
   It protects you from poison.
   It lets you fly.
 e - the cursed +14 obsidian axe {chop, +Fly SInv *Curse}
   (You found it in a labyrinth)

   It inflicts extra damage upon your enemies.
   It lets you see invisible.
   It lets you fly.
   It curses itself when equipped.
   It has a curse placed upon it.
 l - a +2 demon whip of pain
 B - a +0 blowgun
 F - a +0 dagger of electrocution
Missiles
 d - 267 bolts (quivered)
 C - 27 poisoned needles
Armour
 x - the +1 ring mail of Namucoig {*Contam rC++ Int+6}
   (You found it in a sewer)

   It affects your intelligence (+6).
   It greatly protects you from cold.
   It causes magical contamination when unequipped.
 D - +5 steam dragon scales
 K - a +2 robe of magic resistance
 L - the +2 hat of the Guardian (worn) {rF++ Int+3 Stlth+}
   (You found it in an ice cave)

   It affects your intelligence (+3).
   It greatly protects you from fire.
   It makes you more stealthy.
 Q - a +2 pair of boots (worn)
 S - a +0 pair of gloves of archery (worn)
 T - a +0 troll leather armour (worn)
 U - a +0 buckler (worn)
 X - the +9 ring mail of Yredelemnul's Delight {Int+8}
   (You found it on level 6 of the Lair of Beasts)

   It affects your intelligence (+8).
 Z - the +0 pair of gloves of the Comet {rPois rF+}
   (You acquired it on level 6 of the Lair of Beasts)

   It protects you from fire.
   It protects you from poison.
Magical Staves
 u - an uncursed staff of conjuration
 G - an uncursed staff of earth
Jewellery
 h - an uncursed ring of resist corrosion
 i - an amulet of faith (around neck)
 r - a ring of protection from fire (right hand)
 A - an uncursed ring of flight
 J - an uncursed ring of fire
 N - a +4 ring of protection (left hand)
 P - an uncursed amulet of guardian spirit
Wands
 k - a wand of paralysis (7/24)
 m - a wand of acid (6/15)
 o - a wand of paralysis (9/24)
 H - a wand of confusion (16/48)
 W - a wand of digging (13/24)
 Y - a wand of clouds (0/9)
Scrolls
 b - 6 scrolls of magic mapping
 f - a scroll of blinking
 g - 11 scrolls of remove curse
 p - 2 scrolls of recharging
 q - 2 scrolls of immolation
 s - 3 scrolls of fog
 v - 6 scrolls of identify
Books
 n - a book of Beasts

   Spells                             Type                      Level
   a - Summon Butterflies             Summoning                    1
   b - Call Canine Familiar           Summoning                    3
   c - Summon Ice Beast               Ice/Summoning                4
   d - Summon Mana Viper              Hexes/Summoning              5
   e - Summon Hydra                   Summoning                    7
 t - a book of Flames

   Spells                             Type                      Level
   a - Flame Tongue                   Conjuration/Fire             1
   b - Throw Flame                    Conjuration/Fire             2
   c - Conjure Flame                  Conjuration/Fire             3
   d - Inner Flame                    Hexes/Fire                   3
   e - Sticky Flame                   Conjuration/Fire             4
   f - Fireball                       Conjuration/Fire             5
 z - Kikubaaqudgha's Reference Book on Evil
   (Kikubaaqudgha gifted it to you in a sewer)

   Spells                             Type                      Level
   a - Animate Skeleton               Necromancy                   1
   b - Pain                           Necromancy                   1
   c - Corpse Rot                     Necromancy                   2
   d - Vampiric Draining              Necromancy                   3
   e - Control Undead                 Necromancy                   4
 I - a book of Dreams

   Spells                             Type                      Level
   a - Ensorcelled Hibernation        Hexes/Ice                    2
   b - Silence                        Hexes/Air                    5
   c - Darkness                       Hexes                        6
   d - Shadow Creatures               Summoning                    6
 M - Kikubaaqudgha's Collected Works on Sinister Arts
   (Kikubaaqudgha gifted it to you on level 8 of the Dungeon)

   Spells                             Type                      Level
   a - Animate Dead                   Necromancy                   4
   b - Agony                          Necromancy                   5
   c - Cigotuvi's Embrace             Necromancy                   5
   d - Dispel Undead                  Necromancy                   5
   e - Simulacrum                     Ice/Necromancy               6
 R - a book of Changes

   Spells                             Type                      Level
   a - Beastly Appendage              Transmutation                1
   b - Sticks to Snakes               Transmutation                2
   c - Spider Form                    Transmutation/Poison         3
   d - Ice Form                       Ice/Transmutation            4
   e - Blade Hands                    Transmutation                5
 V - a Necronomicon

   Spells                             Type                      Level
   a - Haunt                          Necromancy/Summoning         7
   b - Borgnjor's Revivification      Necromancy                   8
   c - Death's Door                   Charms/Necromancy            8
   d - Infestation                    Necromancy                   8
   e - Necromutation                  Transmutation/Necromancy     8
Miscellaneous
 j - a lamp of fire
 y - a crystal ball of energy


   Skills:
 - Level 1.0 Fighting
 - Level 2.9 Short Blades
 - Level 5.1 Maces & Flails
 - Level 9.6 Crossbows
 - Level 6.4 Dodging
 - Level 5.2 Shields
 + Level 16.9 Spellcasting
 - Level 5.0 Conjurations
 - Level 5.0 Hexes
 - Level 4.7 Summonings
 - Level 15.8 Necromancy
 - Level 3.5 Translocations
 - Level 1.7 Fire Magic
 - Level 7.0 Ice Magic
 - Level 4.1 Air Magic
 - Level 1.7 Poison Magic
 - Level 5.3 Evocations


You had 5 spell levels left.
You knew the following spells:

 Your Spells              Type           Power        Failure   Level  Hunger
a - Haunt                 Necr/Summ      ######....   45%         7    N/A
b - Infestation           Necr           #######...   36%         8    N/A
c - Mephitic Cloud        Conj/Pois/Air  ####....     2%          3    N/A
d - Blink                 Tloc           N/A          1%          2    N/A
e - Conjure Flame         Conj/Fire      ####....     3%          3    N/A
f - Animate Skeleton      Necr           N/A          0%          1    N/A
h - Cause Fear            Hex            #####.....   4%          4    N/A
i - Control Undead        Necr           #######...   1%          4    N/A
j - Animate Dead          Necr           N/A          1%          4    N/A
k - Simulacrum            Ice/Necr       #######...   5%          6    N/A
l - Apportation           Tloc           ####..       1%          1    N/A
m - Summon Butterflies    Summ           #####...     1%          1    N/A

Dungeon Overview and Level Annotations

Branches:
Dungeon (14/15)            Temple (1/1) D:4            Lair (6/6) D:11
  Swamp (4/4) Lair:3        Snake (4/4) Lair:3          Orc (2/2) D:10
    Elf (0/3) Orc:2        Vaults (3/5) D:13
  Slime: Lair:5-6     Crypt: Vaults:2-3

Altars:
Ashenzari
Cheibriados
Dithmenos
Fedhas
Gozag
Hepliaklqana
Kikubaaqudgha
Makhleb
Nemelex Xobeh
Okawaru
Qazlal
Ru
Sif Muna
Trog
Uskayaw
Vehumet
Wu Jian
Xom
Yredelemnul
Zin
The Shining One

Shops:
D:6 (   D:7 ?   Orc:2 %:%(:

Annotations:
D:3 exclusions: hobgoblin and iguana
D:8 Serafim's ghost, novice MiFi
D:9 kroki's ghost, novice DsGl
Snake:2 exclusion: upstairs
Vaults:3 Xtahua


Innate Abilities, Weirdness & Mutations

You do not eat or drink.
Your flesh is vulnerable to fire.
You are immune to poison.
Your flesh is cold resistant. (rC+)
You are immune to negative energy. (rN+++)
You are immune to unholy pain and torment.
You can survive without breathing.
You are in touch with the powers of death.


Message History

There is an open door, spattered with blood here.
The two-headed ogre barely misses you. The two-headed ogre closely misses you.
The ogre mage points at you and mumbles some strange words.
The bolt of lightning hits you!
* * * LOW HITPOINT WARNING * * *
Unknown command.
The two-headed ogre gives up.
Cornered, the ogre turns to fight!
There is a stone staircase leading down here.
You climb downwards.
Level annotation: Xtahua The white ugly thing stings you.
* * * LOW HITPOINT WARNING * * *
The white ugly thing freezes you! You resist.
* * * LOW HITPOINT WARNING * * *
The white ugly thing stings you!
* * * LOW HITPOINT WARNING * * *
The white ugly thing freezes you! You resist.
You die...
Kikubaaqudgha rasps: "You have failed me!
Welcome... oblivion!"

#####
#@O.#
#.#u#.#
#.# #.#
#.# ..#
#.# ..#
#. .#..
# .#.#
#.##


You could see a white ugly thing and a two-headed ogre.

Vanquished Creatures
  A nagaraja (Snake:4)
  Louise (Swamp:2)
  A very ugly thing (Vaults:2)
  An ettin (Orc:1)
  A yaktaur captain (Vaults:2)
  Erolcha (D:11)
  2 naga warriors (Snake:4)
  A centaur warrior (Vaults:2)
  2 anacondas (Snake:4)
  5 hydras
  Erica (D:8)
  A catoblepas (Lair:4)
  A death knight (Vaults:3)
  10 two-headed ogres
  6 death yaks
  3 ogre magi (Orc:2)
  A naga sharpshooter (Snake:4)
  Urug (D:13)
  2 shock serpents
  An unseen horror (D:12)
  2 spriggan druids
  5 orc knights
  A harpy (shapeshifter) (Vaults:2)
  A naga ritualist (Snake:4)
  A deep elf mage (Vaults:3)
  2 ugly things
  2 wolf spiders (Lair:6)
  A manticore (D:11)
  A salamander (Snake:1)
  A cyclops (Vaults:2)
  7 black mambas
  2 elephants
  2 ice statues (IceCv)
  A centaur skeleton (D:11)
  A naga mage (Snake:4)
  A rime drake (Lair:5)
  5 spiny frogs
  A komodo dragon (Lair:6)
  4 yaktaurs (Vaults:2)
  A freezing wraith (Vaults:3)
  9 ice devils (IceCv)
  3 trolls
  A tyrant leech (Swamp:3)
  4 hornets
  3 polar bears
  13 blink frogs
  10 hippogriffs
  5 dream sheep (Lair:5)
  3 spriggans
  5 wyverns
  A redback (Snake:4)
  16 yaks
  12 humans (D:13)
  3 steam dragons
  A hungry ghost (Lab)
  11 vampire mosquitoes
  14 nagas
  A warg (Lair:6)
  10 water moccasins
  5 swamp worms
  5 hell hounds
  4 porcupines
  2 swamp drakes (Swamp:2)
  An ettin simulacrum (Vaults:2)
  14 orc warriors
  4 black bears
  3 sky beasts
  4 ice beasts
  A necrophage (D:8)
  2 boggarts (Vaults:2)
  A human zombie (Vaults:2)
  3 phantoms
  A centaur (D:13)
  18 ogres
  7 crocodiles
  7 wolves
  4 big kobolds (Sewer)
  14 bullfrogs
  A glowing shapeshifter simulacrum (Vaults:2)
  25 killer bees
  3 scorpions
  An electric eel (Lair:3)
  11 wights
  3 howler monkeys
  3 crimson imps
  A bullfrog zombie (D:7)
  A jelly (D:10)
  7 orc priests
  9 hounds
  6 orc wizards
  3 bullfrog skeletons (D:7)
  4 iguanas
  8 worker ants
  The ghost of Banto the Charmwright, a weakling DsSk (D:4)
  A hound zombie (D:7)
  A worker ant zombie (D:11)
  12 gnolls
  10 adders
  3 shadow imps
  A white imp (IceCv)
  An ufetubus (Vaults:2)
  2 oozes
  3 adder skeletons
  4 worms
  8 leopard geckos
  67 orcs
  3 ball pythons (Sewer)
  2 goblins
  3 hobgoblins
  12 jackals
  2 quokkas
  5 bats
  7 frilled lizards
  4 giant cockroaches
  A giant cockroach zombie (D:5)
  10 kobolds (Sewer)
  A leopard gecko zombie (D:5)
  A quokka skeleton (D:5)
  3 quokka zombies
  5 rats
  2 fungi
  2 plants (Lair:4)
573 creatures vanquished.

Vanquished Creatures (collateral kills)
  A tentacled monstrosity (Vaults:3)
  A tengu reaver (Vaults:3)
  3 thorn hunters (Swamp:4)
  9 nagarajas (Snake:4)
  2 frost giants
  3 vault wardens
  6 ironheart preservers
  A war gargoyle (Vaults:2)
  Nessos (Lair:4)
  An entropy weaver (Vaults:2)
  A deep elf annihilator (Vaults:3)
  A blizzard demon (IceCv)
  A minotaur (Lab)
  An ettin (Vaults:3)
  2 yaktaur captains
  2 great orbs of eyes (Vaults:2)
  4 naga warriors
  A catoblepas (Lair:5)
  16 hydras
  2 ghost crabs
  8 alligators
  6 anacondas
  3 centaur warriors
  3 ogre magi
  13 two-headed ogres
  A death yak (Lair:5)
  10 naga sharpshooters
  2 deep elf knights (Vaults:3)
  2 shock serpents (Snake:1)
  A shadow wraith (Vaults:1)
  A spriggan druid (Swamp:3)
  3 shambling mangroves
  9 swamp dragons
  3 naga ritualists
  5 orc knights
  3 ironbrand convokers
  2 deep elf archers (Vaults:3)
  A tengu zombie (Vaults:2)
  A necromancer (Vaults:2)
  2 wizards
  2 deep elf magi (Vaults:3)
  A human zombie (Vaults:2)
  6 oklob plants
  7 mana vipers
  An orc sorcerer (Orc:2)
  2 salamanders
  A wolf spider (Vaults:2)
  A cyclops (Vaults:2)
  14 ugly things
  A manticore (Lair:2)
  3 guardian serpents
  3 vault sentinels
  20 black mambas
  7 elephants
  2 torpor snails
  15 naga magi
  21 spiny frogs
  3 komodo dragons
  5 yaktaurs
  5 ice devils (IceCv)
  A troll (Vaults:2)
  A queen bee (Lair:2)
  8 polar bears (Lair:6)
  13 blink frogs
  2 bog bodies
  4 tyrant leeches
  18 hornets
  10 slime creatures
  7 dream sheep
  2 hippogriffs
  5 raiju (Lair:6)
  A meliai zombie (D:13)
  5 redbacks (Snake:4)
  10 spriggans
  15 yaks
  2 wyverns
  A basilisk (Lair:3)
  4 humans (D:13)
  A hungry ghost (Lab)
  13 vampire mosquitoes
  13 swamp worms
  3 wargs (Lair:6)
  4 insubstantial wisps (Swamp:3)
  36 nagas
  10 hell hounds
  4 porcupines
  11 water moccasins
  10 orc warriors
  12 swamp drakes
  9 black bears
  3 centaurs
  15 ogres
  13 wolves
  A boggart (Vaults:2)
  4 crocodiles
  3 bullfrogs
  A human simulacrum (Vaults:2)
  8 killer bees (Lair:2)
  An electric eel (Lair:3)
  4 orc priests
  2 orc wizards
  A bullfrog skeleton (D:11)
  A hell rat (Lair:2)
  An adder (D:11)
  4 white imps (IceCv)
  7 ufetubi (IceCv)
  11 orcs
  2 jackals (D:8)
  3 fungi
  10 plants
588 creatures vanquished.

Vanquished Creatures (others)
  A shock serpent (Snake:4)
  A black mamba (Snake:4)
  An orc warrior (Vaults:2)
  A killer bee (Lair:2)
  A bullfrog skeleton (D:13)
  An orc wizard (D:8)
  2 white imps (IceCv)
  3 ufetubi (IceCv)
  A bush (Lair:6)
  23 fungi
  51 plants
86 creatures vanquished.

Grand Total: 1247 creatures vanquished

Notes
Turn   | Place    | Note
-------+----------+-------------------------------------------
     0 | D:1      | Lavandula the Mummy Arcane Marksman began the quest for the Orb.
     0 | D:1      | Reached XP level 1. HP: 15/15 MP: 2/2
   180 | D:1      | Reached XP level 2. HP: 21/21 MP: 4/4
   309 | D:2      | Reached XP level 3. HP: 24/26 MP: 5/5
   366 | D:3      | Learned a level 2 spell: Slow
   593 | D:3      | Reached XP level 4. HP: 26/32 MP: 4/6
   618 | D:3      | Found a hide-covered altar of Uskayaw.
  1017 | D:4      | Reached XP level 5. HP: 37/37 MP: 5/7
  1248 | D:4      | Reached skill level 5 in Crossbows
  1388 | D:4      | Reached XP level 6. HP: 41/43 MP: 6/8
  1405 | D:4      | Learned a level 3 spell: Mephitic Cloud
  1425 | D:4      | Reached skill level 2 in Spellcasting
  1694 | D:4      | Reached skill level 3 in Spellcasting
  1708 | D:4      | Learned a level 2 spell: Blink
  1712 | D:4      | Learned a level 3 spell: Conjure Flame
  1875 | D:4      | Noticed Banto's ghost (weakling DsSk)
  1944 | D:4      | Killed Banto's ghost
  2106 | D:4      | Found a staircase to the Ecumenical Temple.
  2112 | D:4      | Reached XP level 7. HP: 44/48 MP: 10/12
  2123 | Temple   | Entered the Ecumenical Temple
  2158 | Temple   | Became a worshipper of Kikubaaqudgha
  2181 | D:5      | Entered Level 5 of the Dungeon
  2247 | D:5      | Reached skill level 1 in Fire Magic
  2669 | D:6      | Reached skill level 1 in Poison Magic
  2710 | D:6      | Reached skill level 1 in Air Magic
  2781 | D:6      | Found a glowing drain.
  2802 | Sewer    | Entered a sewer
  2837 | Sewer    | Got a fine ring mail
  2854 | Sewer    | Identified the +1 ring mail of Namucoig {*Contam rC++ Int+6} (You found it in a sewer)
  2870 | Sewer    | Reached * piety under Kikubaaqudgha
  2870 | Sewer    | Identified Kikubaaqudgha's Reference Book on Evil (Kikubaaqudgha gifted it to you in a sewer)
  2870 | Sewer    | Received a gift from Kikubaaqudgha
  2874 | Sewer    | Learned a level 1 spell: Animate Skeleton
  2911 | Sewer    | Reached skill level 4 in Spellcasting
  2920 | Sewer    | Learned a level 3 spell: Vampiric Draining
  2995 | Sewer    | Reached skill level 5 in Spellcasting
  3145 | Sewer    | Reached skill level 1 in Necromancy
  3145 | Sewer    | Reached XP level 8. HP: 28/54 MP: 11/15
  3230 | D:6      | Found Essuuve's Weapon Shoppe.
  3512 | D:6      | Found a glowing golden altar of the Shining One.
  3548 | D:6      | Bought a +0 dagger of electrocution for 91 gold pieces
  3681 | D:7      | Reached skill level 1 in Short Blades
  3769 | D:7      | Reached ** piety under Kikubaaqudgha
  3957 | D:7      | Found a burning altar of Makhleb.
  4108 | D:7      | Found Hastrukiw's Magic Scroll Shop.
  4112 | D:7      | Bought a scroll of enchant weapon for 120 gold pieces
  4245 | D:7      | Reached XP level 9. HP: 52/59 MP: 16/16
  4317 | D:7      | Found a deep blue altar of Sif Muna.
  4466 | D:8      | Noticed Erica
  4664 | D:9      | Noticed kroki's ghost (novice DsGl)
  4774 | D:8      | Noticed Serafim's ghost (novice MiFi)
  4775 | D:8      | Upgraded the game from 0.21-a0-94-gdd6ab6a to 0.21-a0-95-g06f091e
  4898 | D:8      | Noticed a two-headed ogre
  4917 | D:8      | Killed a two-headed ogre
  4917 | D:8      | Reached skill level 5 in Conjurations
  4942 | D:8      | Reached skill level 6 in Spellcasting
  5036 | D:8      | Killed Erica
  5036 | D:8      | Reached skill level 7 in Spellcasting
  5036 | D:8      | Reached XP level 10. HP: 65/65 MP: 9/21
  5090 | D:8      | Reached *** piety under Kikubaaqudgha
  5090 | D:8      | Identified Kikubaaqudgha's Collected Works on Sinister Arts (Kikubaaqudgha gifted it to you on level 8 of the Dungeon)
  5090 | D:8      | Received a gift from Kikubaaqudgha
  5090 | D:8      | Reached skill level 8 in Spellcasting
  5097 | D:8      | Learned a level 4 spell: Cause Fear
  5102 | D:8      | Learned a level 4 spell: Control Undead
  5274 | D:8      | Reached skill level 9 in Spellcasting
  5382 | D:8      | Learned a level 4 spell: Animate Dead
  5467 | D:7      | Bought a scroll of blinking for 120 gold pieces
  5622 | D:10     | Entered Level 10 of the Dungeon
  5719 | D:11     | Found a staircase to the Lair.
  5739 | D:11     | Noticed a two-headed ogre
  5888 | D:10     | Found a staircase to the Orcish Mines.
  5950 | D:10     | Reached skill level 1 in Evocations
  6303 | D:11     | Noticed Erolcha
  6346 | D:11     | Found a flagged portal.
  6354 | Bailey   | Entered a bailey
  6739 | Bailey   | Reached skill level 5 in Necromancy
  6740 | Bailey   | Noticed an orc knight
  6746 | Bailey   | Noticed an orc knight
  6794 | Bailey   | Noticed an orc knight
  6794 | Bailey   | Noticed an orc knight
  6829 | Bailey   | Killed an orc knight
  6863 | Bailey   | Killed an orc knight
  6863 | Bailey   | Reached XP level 11. HP: 32/70 MP: 2/24
  6938 | Bailey   | Killed an orc knight
  7077 | Bailey   | Killed an orc knight
  7160 | D:11     | Noticed a seven-headed hydra
  7515 | D:10     | Reached **** piety under Kikubaaqudgha
  7740 | D:7      | Bought a scroll of recharging for 152 gold pieces
  7740 | D:7      | Bought a scroll of amnesia for 56 gold pieces
  7884 | Orc:1    | Entered Level 1 of the Orcish Mines
  7884 | Orc:1    | Noticed a two-headed ogre
  7904 | Orc:1    | Killed a two-headed ogre
  7959 | Orc:1    | Reached skill level 5 in Hexes
  8414 | D:9      | Found a blossoming altar of Fedhas.
  8494 | D:9      | Found a snail-covered altar of Cheibriados.
  8648 | D:6      | Bought 13 bolts for 33 gold pieces
  8978 | D:10     | Reached skill level 10 in Spellcasting
  9277 | Orc:2    | Entered Level 2 of the Orcish Mines
  9425 | Orc:2    | Found a staircase to the Elven Halls.
  9434 | Orc:2    | Found Cety's Food Emporium.
  9463 | Orc:2    | Noticed a two-headed ogre
  9465 | Orc:2    | Noticed a two-headed ogre
  9466 | Orc:2    | Noticed a two-headed ogre
  9545 | Orc:2    | Noticed an ettin
  9563 | Orc:2    | Noticed a two-headed ogre
  9574 | Orc:2    | Noticed a two-headed ogre
  9614 | Orc:2    | Noticed a two-headed ogre
  9915 | D:11     | Killed a seven-headed hydra
  9915 | D:11     | Reached skill level 11 in Spellcasting
 10085 | D:11     | Killed Erolcha
 10100 | Lair:1   | Entered Level 1 of the Lair of Beasts
 10173 | Lair:1   | Noticed a five-headed hydra
 10197 | Lair:1   | Killed a five-headed hydra
 10197 | Lair:1   | Reached skill level 12 in Spellcasting
 10416 | Lair:3   | Noticed a death yak
 10445 | Lair:2   | Reached ***** piety under Kikubaaqudgha
 10465 | Lair:2   | Learned a level 6 spell: Simulacrum
 10526 | Lair:2   | Reached XP level 12. HP: 73/76 MP: 14/28
 10565 | Lair:2   | Reached skill level 1 in Ice Magic
 11056 | Lair:3   | Noticed a death yak
 11056 | Lair:3   | Noticed a death yak
 11072 | Lair:3   | Noticed a death yak
 11093 | Lair:3   | Killed a death yak
 11093 | Lair:3   | Reached skill level 5 in Ice Magic
 11095 | Lair:3   | Killed a death yak
 11098 | Lair:3   | Killed a death yak
 11103 | Lair:3   | Killed a death yak
 11402 | Lair:3   | Found a staircase to the Snake Pit.
 11672 | Lair:4   | Reached skill level 10 in Necromancy
 11736 | Lair:4   | Noticed Nessos
 11747 | Lair:4   | Killed Nessos
 11790 | Lair:4   | Noticed a six-headed hydra
 11796 | Lair:4   | Killed a six-headed hydra
 11824 | Lair:4   | Noticed a catoblepas
 11926 | Lair:4   | Killed a catoblepas
 12091 | Lair:4   | Gained mutation: You are in touch with the powers of death. [Mummy growth]
 12091 | Lair:4   | Reached XP level 13. HP: 69/81 MP: 18/29
 12658 | Lair:6   | Entered Level 6 of the Lair of Beasts
 13871 | Lair:5   | Reached skill level 5 in Dodging
 13942 | Lair:5   | Reached ****** piety under Kikubaaqudgha
 14326 | Lair:6   | Received a gift from Kikubaaqudgha
 14870 | Lair:6   | Identified the +9 ring mail of Yredelemnul's Delight {Int+8} (You found it on level 6 of the Lair of Beasts)
 15323 | Lair:6   | Reached XP level 14. HP: 88/88 MP: 13/30
 15967 | Lair:6   | Identified a scroll of acquirement
 15969 | Lair:6   | Got a pair of ancient gloves
 15980 | Lair:6   | Identified the +0 pair of gloves of the Comet {rPois rF+} (You acquired it on level 6 of the Lair of Beasts)
 16033 | Lair:6   | Reached skill level 1 in Shields
 16427 | Orc:2    | Found Loran's Book Emporium.
 16427 | Orc:2    | Found Xekheagg's Antique Weapon Shop.
 16427 | Orc:2    | Found Niyficwi's Food Shop.
 16427 | Orc:2    | Found Bupitolo's Book Shoppe.
 16733 | Orc:1    | Reached skill level 1 in Translocations
 17611 | Orc:2    | Bought a blackened flail for 289 gold pieces
 17611 | Orc:2    | Identified the +4 flail "Ecrugeb" {drain, +Fly rElec rPois Dex+2} (You bought it in a shop on level 2 of the Orcish Mines)
 17713 | Orc:2    | Reached skill level 5 in Shields
 17993 | Orc:2    | Bought a book of Cantrips for 280 gold pieces
 17994 | Orc:2    | Bought a book of Beasts for 715 gold pieces
 17996 | Orc:2    | Learned a level 1 spell: Apportation
 17998 | Orc:2    | Learned a level 1 spell: Summon Butterflies
 18146 | Lair:3   | Found a staircase to the Swamp.
 18158 | Swamp:1  | Entered Level 1 of the Swamp
 18424 | Swamp:2  | Reached skill level 13 in Spellcasting
 18774 | Swamp:2  | Noticed Louise
 18841 | Swamp:2  | Killed Louise
 18852 | Swamp:2  | Got a fine large shield
 18871 | Swamp:2  | Identified the +5 large shield of Watchfulness {Str+3} (You took it off Louise on level 2 of the Swamp)
 19282 | Swamp:4  | Entered Level 4 of the Swamp
 19285 | Swamp:4  | Noticed a thorn hunter
 19430 | Swamp:3  | Reached skill level 1 in Maces & Flails
 20015 | Swamp:3  | Reached XP level 15. HP: 93/93 MP: 23/32
 20198 | Swamp:4  | Killed a thorn hunter
 20539 | Swamp:4  | Noticed a thorn hunter
 20546 | Swamp:4  | Killed a thorn hunter
 20549 | Swamp:4  | Noticed a thorn hunter
 20557 | Swamp:4  | Killed a thorn hunter
 20800 | Swamp:4  | Got a decaying rune of Zot
 20843 | Swamp:4  | Reached skill level 15 in Necromancy
 21052 | Snake:1  | Entered Level 1 of the Snake Pit
 21270 | Snake:2  | Found a frozen archway.
 21312 | Snake:2  | Learned a level 8 spell: Infestation
 21319 | IceCv    | Entered an ice cave
 21839 | IceCv    | Identified the +2 hat of the Guardian {rF++ Int+3 Stlth+} (You found it in an ice cave)
 23604 | Snake:1  | Reached skill level 5 in Maces & Flails
 24166 | Snake:4  | Entered Level 4 of the Snake Pit
 24510 | Snake:4  | Noticed a nagaraja
 24672 | Snake:4  | Killed a nagaraja
 24777 | Snake:4  | Reached skill level 1 in Summonings
 25098 | Snake:4  | Reached skill level 5 in Evocations
 25140 | Snake:4  | Reached XP level 16. HP: 88/99 MP: 21/33
 26389 | Snake:4  | Got a serpentine rune of Zot
 26716 | D:12     | Found a labyrinth entrance.
 26725 | Lab      | Entered a labyrinth
 27031 | Lab      | Got a steaming short sword
 27032 | Lab      | Identified the +9 short sword "Qaitz" {flame, Fragile rElec rF++ rN+} (You found it in a labyrinth)
 27176 | D:13     | Reached skill level 14 in Spellcasting
 27192 | D:13     | Noticed Urug
 27196 | D:13     | Killed Urug
 27242 | D:13     | Found a gate to the Vaults.
 27281 | Vaults:1 | Entered Level 1 of the Vaults
 27481 | Vaults:1 | Reached skill level 15 in Spellcasting
 27499 | Vaults:1 | Identified the cursed +1 robe of the Saviour {rCorr} (You found it on level 1 of the Vaults)
 27973 | Vaults:2 | Reached skill level 16 in Spellcasting
 28424 | Vaults:2 | Learned a level 7 spell: Haunt
 28489 | Vaults:3 | Noticed a tentacled monstrosity
 28496 | Vaults:3 | Killed a tentacled monstrosity
 28557 | Vaults:3 | Noticed a tengu reaver
 28582 | Vaults:3 | Killed a tengu reaver
 28687 | Vaults:3 | Upgraded the game from 0.21-a0-95-g06f091e to 0.21-a0-104-g7b58145
 28992 | Vaults:3 | Reached XP level 17. HP: 65/104 MP: 4/37
 29311 | Vaults:3 | Noticed Xtahua
 29746 | Vaults:2 | Paralysed by an ogre mage for 3 turns
 30107 | Vaults:3 | HP: 5/104 [white ugly thing (9)]
 30107 | Vaults:3 | Mangled by a white ugly thing

Vault maps used:
D:1:      mrwooster_arrival_statue, serial_bayou_crossing
D:2:      minivault_11, st_stairs_11, kennysheep_generic_room_4
D:3:      lemuel_coloured_pillars_altar
D:4:      minmay_wonky_spiral, temple_green, first_bread, nrook_loot_triangle
D:6:      tso_metal_star, serial_shops, nicolae_shop_trees,
          portal_sewer_entry_f, minmay_crossroads
D:7:      kennysheep_mini_moat, bloody_makhleb, serial_shops,
          nicolae_shop_statue_plus
D:8:      the_bakery, uniq_erica
D:9:      cheibriados_altar_1, lemuel_doored_altar, kennysheep_little_box,
          uniq_prince_ribbit1
D:10:     orc_0_dummy
D:11:     minmay_lair_entry_lava, enter_bailey_2, uniq_erolcha
D:12:     lab_entry_generic, uniq_psyche
D:13:     david_vaults_3, uniq_azrael
D:14:     minivault_4, serial_bayou, serial_bayou_lake_a, serial_bayou_shore_a,
          serial_bayou_shore_b, serial_bayou_shore_b, serial_bayou_shore_b,
          serial_bayou_pond_a, lemuel_tele_altar
Temple:   eino_wide_crystal_templ
Lair:2:   regret_index_combs_of_tragedy, grunt_forest_small_clearings
Lair:3:   nicolae_swamp_entry_splash_gauntlet,
          minmay_snake_entry_guardpost_small, gammafunk_lair_bear_cave
Lair:4:   uniq_nessos
Lair:6:   hangedman_lair_tendril_chambers, hangedman_lair_caniforms_friends,
          slime_altar_1, minmay_lair_oklob_chamber
Swamp:1:  evilmike_swamp_ruin_house_4, infiniplex_staircase_pool_2, uniq_aizul
Swamp:2:  evilmike_swamp_ruin_house_5, infiniplex_staircase_pool, uniq_louise
Swamp:3:  nicolae_swamp_trees_clearing
Swamp:4:  swamp, uniq_roxanne
Snake:2:  portal_ice_cave_entry_pillars_three, uniq_kirke
Snake:4:  minmay_snake_end_coiled, special_room, spider_trap, st_stairs_14,
          basic_stair_grate_trap
Orc:2:    st_orc_ogre_mass, serial_shops, nicolae_shop_statue_plus
Vaults:1: v_misc_18, nicolae_vaults_network_quinsquares,
          hangedman_vaults_stretched_pinwheel, nicolae_vaults_circle_grid_a,
          grunt_vaults_hallway_short, nicolae_vaults_theta, vaults_room_corners,
          serial_shops, shop_scrolls
Vaults:2: v_misc_10, vaults_mumra_minichess, v_misc_13, st_star,
          ontoclasm_vaults_claustrophobia, hangedman_vaults_hat,
          nicolae_vaults_little_squares_5, ontoclasm_vaults_ring_small,
          v_misc_33, serial_ice_m, vaults_room_pools, vaults_mumra_hex,
          ontoclasm_vaults_ligature, ontoclasm_vaults_eye
Vaults:3: nicolae_vaults_little_squares_2, hangedman_vaults_unwind,
          nicolae_vaults_network_square, v_pattern_2,
          minmay_crypt_entry_necro_gods, v_misc_13,
          vaults_room_hangedman_quadrants, v_misc_23, v_misc_9,
          grunt_vaults_hallway_short, nicolae_vaults_sealed_display,
          hangedman_vaults_stretched_pinwheel, serial_shops, nicolae_shop_stone,
          uniq_xtahua, uniq_donald
Lab:      nicolae_lab_big_swirl
Sewer:    kennysheep_pipe_town
Bailey:   bailey_polearm_5, bailey
IceCv:    ice_cave_small_demon

Skill      XL: |  1  2  3  4  5  6  7  8  9 10 11 12 13 14 15 16 |
---------------+-------------------------------------------------+-----
Crossbows      | 2 3 4 5 6 7 9 |  9.6
Spellcasting   | 3 5 7 9 12 13 16 | 16.9
Conjurations   | 2 5 |  5.0
Fire Magic     | 1 |  1.7
Poison Magic   | 1 |  1.7
Air Magic      | 2 4 |  4.1
Necromancy     | 1 2 6 8 11 12 13 15 | 15.8
Short Blades   | 1 2 |  2.9
Evocations     | 4 5 |  5.3
Hexes          | 5 |  5.0
Ice Magic      | 6 7 |  7.0
Dodging        | 6 |  6.4
Shields        | 5 |  5.2
Translocations | 3 |  3.5
Maces & Flails | 3 5 |  5.1
Summonings     | 1 4 |  4.7
Fighting       | |  1.0

Action                   |  1- 3 |  4- 6 |  7- 9 | 10-12 | 13-15 | 16-18 || total
-------------------------+-------+-------+-------+-------+-------+-------++-------
Melee: Whip              |       |       |    17 |     2 |       |       ||    19
       Halberd           |       |       |     5 |       |       |       ||     5
       Dagger            |       |       |       |     9 |   165 |       ||   174
       Spear             |       |       |       |     1 |       |       ||     1
       Flail             |       |       |       |       |   105 |    62 ||   167
       Demon whip        |       |       |       |       |       |    25 ||    25
 Fire: Hand crossbow     |    50 |   123 |   402 |   758 |   579 |   162 ||  2074
       Blowgun           |       |       |       |     5 |     5 |       ||    10
 Cast: Corona            |     9 |    14 |    21 |    12 |       |     2 ||    58
       Slow              |       |     3 |     1 |       |       |       ||     4
       Conjure Flame     |       |     2 |       |     7 |    15 |       ||    24
       Mephitic Cloud    |       |       |    14 |   109 |   120 |    37 ||   280
       Animate Skeleton  |       |       |     8 |     6 |    82 |    16 ||   112
       Control Undead    |       |       |       |     7 |     8 |    10 ||    25
       Animate Dead      |       |       |       |    40 |    81 |    42 ||   163
       Vampiric Draining |       |       |       |    45 |    53 |     8 ||   106
       Cause Fear        |       |       |       |     4 |     3 |       ||     7
       Blink             |       |       |       |     7 |    19 |     5 ||    31
       Simulacrum        |       |       |       |     3 |   124 |    50 ||   177
       Apportation       |       |       |       |       |    27 |    17 ||    44
       Summon Butterflie |       |       |       |       |     2 |     1 ||     3
       Infestation       |       |       |       |       |     1 |     8 ||     9
Invok: Receive Corpses   |       |       |       |     4 |    49 |    33 ||    86
       Receive Necronomi |       |       |       |       |     1 |       ||     1
Evoke: Wand              |       |       |     4 |     7 |    24 |     7 ||    42
       Lamp of fire      |       |       |       |       |     4 |     1 ||     5
       Crystal ball of e |       |       |       |       |     2 |     4 ||     6
       Sack of spiders   |       |       |       |       |     2 |       ||     2
  Use: Scroll            |       |     5 |     6 |    26 |    20 |    12 ||    69
 Stab: Confused          |       |       |       |       |    14 |     3 ||    17
       Distracted        |       |       |       |       |     2 |       ||     2
       Paralysed         |       |       |       |       |     1 |       ||     1
       Betrayed ally     |       |       |       |       |     1 |       ||     1
Armor: Robe              |     5 |     6 |       |       |       |       ||    11
       Ring mail         |       |       |    57 |       |   168 |     3 ||   228
       Steam dragon scal |       |       |    12 |   187 |   100 |       ||   299
       Troll leather arm |       |       |       |       |       |    61 ||    61
Dodge: Dodged            |    20 |    24 |    93 |   242 |   415 |   111 ||   905
Block: Buckler           |       |       |       |       |    71 |    49 ||   120
